 Dungeon Crawl Stone Soup version 0.27.1-34-g3ba077fa99 (webtiles) character file.

Game seed: 14784289857654592109

119 Kaptain the Digger (level 5, -5/29 HPs)
             Began as a Gargoyle Earth Elementalist on Jan 17, 2022.
             Killed by divine providence
             ... invoked by an orc priest
              (8 damage)
             ... on level 3 of the Dungeon.
             The game lasted 00:06:47 (2649 turns).

Kaptain the Digger (Gargoyle Earth Elementalist)    Turns: 2649, Time: 00:06:48

Health: -5/29      AC:  8    Str: 11    XL:     5   Next: 3%
Magic:  5/9        EV: 15    Int: 17    God:
Gold:   82         SH:  0    Dex: 10    Spells: 5/9 levels left

rFire    . . .     SeeInvis .   e - +0 short sword
rCold    . . .     Faith    .   (no shield)
rNeg     + . .     Spirit   .   k - +0 leather armour
rPois    ∞         Reflect  .   (no helmet)
rElec    +         Harm     .   b - +0 cloak
rCorr    .         Rampage  .   (no gloves)
Will     .....                  (no boots)
Stlth    ++........             (no amulet)
HPRegen  0.09/turn              l - +4 ring of evasion
MPRegen  0.11/turn              (no ring)

@: no status effects
A: sickness immunity, AC +4, negative energy resistance 1, electricity
resistance, torment resistance 1, petrification resistance
a: no special abilities


You were on level 3 of the Dungeon.
You visited 1 branch of the dungeon, and saw 3 of its levels.

You collected 82 gold pieces.

Inventory:

Hand Weapons
 e - a +0 short sword (weapon)
Missiles
 g - 25 stones
Armour
 b - a +0 cloak (worn)
 k - a +0 leather armour (worn)
Jewellery
 f - a ring of ice
 l - a +4 ring of evasion (left hand)
Scrolls
 c - 2 scrolls of enchant weapon {unknown}
 i - a scroll of silence {unknown}
 j - a scroll of teleportation {unknown}
 m - a scroll of blinking {unknown}
Potions
 d - a potion of ambrosia {unknown}
 h - a potion of degeneration {unknown}
 n - a potion of haste {unknown}


   Skills:
 + Level 1.4 Fighting
 + Level 1.2 Armour
 + Level 2.0 Dodging
 + Level 3.0 Stealth
 * Level 2.8 Spellcasting
 * Level 0.1 Conjurations
 - Level 0.7 Transmutations
 * Level 4.6 Earth Magic


You had 5 spell levels left.
You knew the following spells:

 Your Spells              Type           Power      Damage    Failure   Level
a - Sandblast             Erth           36%        2d10      3%          1
b - Stone Arrow           Conj/Erth      20%        3d8       26%         3

Your spell library contained the following spells:

 Spells                   Type           Power      Damage    Failure   Level
 Passwall                 Tmut/Erth      9%         N/A       12%         2
 Petrify                  Tmut/Erth      11%        N/A       61%         4


Dungeon Overview and Level Annotations

Branches:
Dungeon (3/15)

Altars:


Innate Abilities, Weirdness & Mutations

You are immune to sickness and miasma.
Your stone body is resilient. (AC +4)
You are immune to poison.
You resist negative energy. (rN+)
You are resistant to electric shocks. (rElec)
You are resistant to unholy torment.
You are immune to petrification.


Message History

The blast of sand hits the orc wizard!
The orc wizard is severely wounded.
The orc priest calls upon Beogh to heal the orc wizard.
The orc wizard is healed somewhat.
The orc wizard points at you and mumbles some strange words.
The puff of flame hits you.
* * * LOW HITPOINT WARNING * * *
Casting: Sandblast (safe; 3% risk of failure)
Confirm with . or Enter, or press ? or * to list all spells.
Aiming: Sandblast (safe; 3% risk of failure)
Press: ? - help, Shift-Dir - straight line, f - orc priest, p - orc wizard
Aim: an orc priest, wielding a +0 hand axe (79% to hit)
The blast of sand misses the orc priest.
An endoplasm comes into view.
The orc priest calls upon Beogh to heal the orc wizard.
The orc wizard is healed somewhat.
The orc priest hits you with a +0 hand axe.
* * * LOW HITPOINT WARNING * * *
The endoplasm quivers.
Casting: Sandblast (safe; 3% risk of failure)
Confirm with . or Enter, or press ? or * to list all spells.
Aiming: Sandblast (safe; 3% risk of failure)
Press: ? - help, Shift-Dir - straight line, f/p - orc priest
Aim: an orc priest, wielding a +0 hand axe (79% to hit)
The blast of sand misses the orc priest.
The orc wizard hits you with a +0 dagger.
* * * LOW HITPOINT WARNING * * *
The orc priest casts a cantrip, but nothing happens.
Casting: Sandblast (safe; 3% risk of failure)
Confirm with . or Enter, or press ? or * to list all spells.
Aiming: Sandblast (safe; 3% risk of failure)
Press: ? - help, Shift-Dir - straight line, f/p - orc priest
Aim: an orc priest, wielding a +0 hand axe (79% to hit)
The blast of sand hits the orc priest!
The orc priest is severely wounded.
The orc priest barely misses you. Something hits you but does no damage.
The orc wizard hits you but does no damage.
The orc priest calls down the wrath of Beogh upon you.
Beogh smites you!
You die...

.... ....... .........
#..J...... #.........
####### # ##.........
#.....# .##.##o.........
......# #.##..@o.....?...
<.....####.....#o{.........
#.....#..........#.........
###......#.#######..######
####.....# ##.#
#####..#.### #.##
.........# #..## .#####.###
##..####### .# #.#
##.......#


You could see 2 orc priests, an orc wizard and an endoplasm.

Vanquished Creatures
  3 gnolls (D:2)
  2 adders (D:2)
  4 dart slugs
  An orc (D:3)
  4 endoplasms
  A giant cockroach (D:3)
  7 goblins
  10 hobgoblins
  2 jackals (D:1)
  3 kobolds
  3 quokkas (D:2)
  10 ball pythons
  4 bats
  3 frilled lizards
  6 rats
63 creatures vanquished.

Notes
Turn   | Place    | Note
-------+----------+-------------------------------------------
     0 | D:1      | Kaptain the Gargoyle Earth Elementalist began the quest for
                  | the Orb.
     0 | D:1      | Reached XP level 1. HP: 10/10 MP: 3/3
   295 | D:1      | Reached XP level 2. HP: 15/15 MP: 1/5
   394 | D:1      | Found a faded altar of an unknown god.
   603 | D:1      | Reached skill level 4 in Earth Magic
   770 | D:1      | Reached XP level 3. HP: 20/20 MP: 0/6
  1138 | D:1      | Learned a level 3 spell: Stone Arrow
  1282 | D:2      | Reached skill level 1 in Fighting
  1626 | D:2      | Reached skill level 1 in Armour
  1626 | D:2      | Reached XP level 4. HP: 21/25 MP: 7/7
  2336 | D:3      | Reached XP level 5. HP: 23/29 MP: 9/9
  2649 | D:3      | Killed from afar by an orc priest

Illustrated notes

Levels and vault maps discovered:
D:1:      dpeg_arrival_castle, layout_basic, chequers_ecumenical_altar_grove
D:2:      layout_rooms
D:3:      layout_rooms, serial_bayou_pond_a

Skill      XL: |  1  2  3  4 |
---------------+-------------+-----
Earth Magic    | 4 |  4.6
Fighting       | 1 |  1.4
Armour         | 1 |  1.2
Stealth        | 3 |  3.0
Dodging        | 2 |  2.0
Spellcasting   | |  2.8
Conjurations   | |  0.1
Transmutations | |  0.7

Action                   |  1- 3 |  4- 6 || total
-------------------------+-------+-------++-------
Melee: Short sword       |   100 |    85 ||   185
 Cast: Sandblast         |    32 |     4 ||    36
       Stone Arrow       |       |     2 ||     2
  Use: Potion            |       |     1 ||     1
 Stab: Sleeping          |     1 |     2 ||     3
Armor: Robe              |    40 |       ||    40
       Leather armour    |       |    15 ||    15
Dodge: Dodged            |    86 |    62 ||   148
